3158 views
Uploaded 2020-04-17 16:28:25
Game version 1.32.3
17:51 long 2on2 ladder game on (4)TidewaterGlades_LV
Saved by zebroni
3158 views
Uploaded 2020-04-17 16:28:25
Game version 1.32.3
17:51 long 2on2 ladder game on (4)TidewaterGlades_LV
43 units @ 7.4k
/ 1.1k
19 buildings @ 3.3k
/ 1.1k


| Healing Salve | 5 | 500 |
| Lesser Clarity Potion | 4 | 280 |
| Scroll of Speed | 3 | 150 |
| Potion of Healing | 6 | 900 |
| total: | 18 | 1830g |
| Peon | 8 | 600 | / | 0 |
| Grunt | 4 | 800 | / | 0 |
| Demolisher | 6 | 1320 | / | 300 |
| total: | 18 | 2720g | / | 300w |
| Altar of Storms | 1 | 180 | / | 50 |
| Orc Burrow | 4 | 640 | / | 160 |
| Barracks | 1 | 180 | / | 50 |
| Voodoo Lounge | 1 | 130 | / | 30 |
| War Mill | 1 | 205 | / | 0 |
| Great Hall | 1 | 385 | / | 185 |
| Beastiary | 1 | 145 | / | 140 |
| Stronghold | 1 | 315 | / | 190 |
| Fortress | 2 | 650 | / | 380 |
| total: | 10 | 1865g | / | 615w |
| 0:06 | Peon |
| 0:06 | Peon |
| 0:08 | Altar of Storms |
| 0:18 | Orc Burrow |
| 0:21 | Peon |
| 0:46 | Peon |
| 0:55 | Barracks |
| 0:59 | Peon |
| 1:07 | Peon |
| 1:20 | Peon |
| 1:28 | Orc Burrow |
| 1:46 | Voodoo Lounge |
| 1:50 | Peon |
| 1:58 | Grunt |
| 2:09 | Wind Walk |
| 2:24 | Grunt |
| 2:50 | Stronghold |
| 3:47 | Grunt |
| 3:52 | Orc Burrow |
| 4:36 | War Mill |
| 4:42 | Healing Salve |
| 4:42 | Lesser Clarity Potion |
| 4:42 | Scroll of Speed |
| 5:20 | Berserker Strength |
| 5:28 | Beastiary |
| 5:37 | Fortress |
| 6:05 | Demolisher |
| 6:34 | Orc Burrow |
| 6:42 | Grunt |
| 6:53 | Critical Strike |
| 6:55 | Healing Wave |
| 7:09 | Great Hall |
| 7:38 | Healing Salve |
| 7:39 | Potion of Healing |
| 7:59 | Demolisher |
| 8:06 | Scroll of Speed |
| 8:07 | Healing Salve |
| 8:27 | Potion of Healing |
| 8:49 | Potion of Healing |
| 9:44 | Fortress |
| 9:48 | Potion of Healing |
| 10:14 | Demolisher |
| 11:05 | Wind Walk |
| 11:22 | Demolisher |
| 11:33 | Healing Salve |
| 11:33 | Lesser Clarity Potion |
| 11:52 | Potion of Healing |
| 11:56 | Lesser Clarity Potion |
| 12:06 | Lesser Clarity Potion |
| 12:07 | Scroll of Speed |
| 12:08 | Healing Salve |
| 12:14 | Demolisher |
| 12:32 | Burning Oil |
| 13:54 | Demolisher |
| 14:17 | Potion of Healing |
| 14:40 | Healing Wave |
| 14:40 | Serpent Ward |


| Rod of Necromancy | 2 | 300 |
| Lesser Clarity Potion | 1 | 70 |
| Orb of Corruption | 1 | 375 |
| Potion of Healing | 2 | 300 |
| Potion of Mana | 1 | 200 |
| Scroll of Town Portal | 1 | 350 |
| Potion of Lesser Invulnerability | 1 | 150 |
| Healing Salve | 1 | 100 |
| total: | 10 | 1845g |
| Acolyte | 3 | 225 | / | 0 |
| Ghoul | 2 | 240 | / | 0 |
| Crypt Fiend | 15 | 3225 | / | 600 |
| Obsidian Statue | 5 | 1000 | / | 175 |
| total: | 25 | 4690g | / | 775w |
| Altar of Darkness | 1 | 180 | / | 50 |
| Ziggurat | 4 | 600 | / | 200 |
| Crypt | 1 | 200 | / | 50 |
| Tomb of Relics | 1 | 130 | / | 30 |
| Graveyard | 1 | 215 | / | 0 |
| Slaughterhouse | 1 | 140 | / | 135 |
| Halls of the Dead | 1 | 320 | / | 210 |
| Black Citadel | 1 | 325 | / | 230 |
| total: | 9 | 1465g | / | 465w |
| 0:06 | Acolyte |
| 0:09 | Altar of Darkness |
| 0:11 | Ziggurat |
| 0:12 | Acolyte |
| 0:35 | Crypt |
| 0:45 | Acolyte |
| 1:02 | Tomb of Relics |
| 1:19 | Graveyard |
| 1:38 | Ghoul |
| 1:46 | Ziggurat |
| 2:00 | Ghoul |
| 2:07 | Death Coil |
| 2:13 | Rod of Necromancy |
| 2:54 | Halls of the Dead |
| 3:07 | Crypt Fiend |
| 3:31 | Crypt Fiend |
| 4:11 | Unholy Aura |
| 4:26 | Crypt Fiend |
| 5:16 | Black Citadel |
| 5:27 | Slaughterhouse |
| 5:43 | Rod of Necromancy |
| 5:55 | Crypt Fiend |
| 6:16 | Frost Nova |
| 6:39 | Ziggurat |
| 6:55 | Burrow |
| 7:05 | Creature Attack |
| 7:34 | Obsidian Statue |
| 7:35 | Crypt Fiend |
| 7:45 | Potion of Lesser Invulnerability |
| 7:54 | Frost Armor |
| 8:48 | Death Coil |
| 9:52 | Crypt Fiend |
| 9:53 | Obsidian Statue |
| 10:31 | Lesser Clarity Potion |
| 10:31 | Healing Salve |
| 11:15 | Crypt Fiend |
| 11:16 | Obsidian Statue |
| 11:19 | Orb of Corruption |
| 11:20 | Potion of Healing |
| 11:20 | Potion of Mana |
| 12:18 | Crypt Fiend |
| 12:20 | Destroyer Form |
| 12:20 | Obsidian Statue |
| 12:57 | Crypt Fiend |
| 13:11 | Crypt Fiend |
| 13:13 | Improved Creature Attack |
| 13:18 | Scroll of Town Portal |
| 13:31 | Ziggurat |
| 13:55 | Crypt Fiend |
| 14:07 | Crypt Fiend |
| 15:14 | Crypt Fiend |
| 16:16 | Potion of Healing |
| 16:18 | Crypt Fiend |
| 16:40 | Obsidian Statue |
| 16:58 | Unholy Aura |
| 17:06 | Crypt Fiend |
| 17:09 | Frost Nova |
64 units @ 10.3k
/ 1.9k
30 buildings @ 5k
/ 1.8k

| Wisp | 14 | 840 | / | 0 |
| Huntress | 11 | 2145 | / | 220 |
| Dryad | 8 | 1160 | / | 480 |
| Mountain Giant | 3 | 1050 | / | 300 |
| total: | 36 | 5195g | / | 1000w |
| Altar of Elders | 1 | 180 | / | 50 |
| Moon Well | 7 | 1260 | / | 280 |
| Ancient of War | 3 | 450 | / | 180 |
| Hunter's Hall | 1 | 210 | / | 100 |
| Ancient of Wonders | 1 | 90 | / | 30 |
| Ancient of Lore | 4 | 620 | / | 580 |
| Tree of Ages | 1 | 320 | / | 180 |
| Tree of Eternity | 1 | 330 | / | 200 |
| total: | 17 | 2810g | / | 1220w |
| 0:03 | Wisp |
| 0:03 | Wisp |
| 0:13 | Altar of Elders |
| 0:19 | Moon Well |
| 0:23 | Wisp |
| 0:23 | Wisp |
| 0:34 | Wisp |
| 0:34 | Wisp |
| 0:42 | Wisp |
| 0:48 | Wisp |
| 0:48 | Wisp |
| 0:58 | Wisp |
| 0:58 | Wisp |
| 1:04 | Wisp |
| 1:22 | Wisp |
| 1:38 | Wisp |
| 1:52 | Ancient of War |
| 1:57 | Ancient of War |
| 2:02 | Hunter's Hall |
| 2:14 | Moon Well |
| 2:19 | Entangling Roots |
| 2:51 | Ancient of War |
| 3:03 | Moon Well |
| 3:12 | Huntress |
| 3:33 | Huntress |
| 4:00 | Huntress |
| 4:16 | Ultravision |
| 4:41 | Huntress |
| 5:03 | Huntress |
| 5:18 | Huntress |
| 5:31 | Moon Well |
| 6:10 | Force of Nature |
| 6:33 | Moon Well |
| 6:35 | Huntress |
| 7:00 | Tree of Ages |
| 7:35 | Huntress |
| 7:54 | Huntress |
| 8:36 | Huntress |
| 9:13 | Huntress |
| 9:28 | Ancient of Lore |
| 9:28 | Ancient of Lore |
| 9:59 | Ancient of Lore |
| 10:10 | Ancient of Lore |
| 10:14 | Tree of Eternity |
| 10:28 | Moon Well |
| 11:06 | Entangling Roots |
| 11:22 | Dryad |
| 11:57 | Dryad |
| 12:10 | Moon Well |
| 12:46 | Abolish Magic |
| 12:46 | Dryad |
| 13:07 | Dryad |
| 13:18 | Ancient of Wonders |
| 14:02 | Dryad |
| 14:19 | Force of Nature |
| 14:34 | Hardened Skin |
| 14:35 | Resistant Skin |
| 14:35 | Mountain Giant |
| 14:53 | Mountain Giant |
| 14:57 | Dryad |
| 15:45 | Mountain Giant |
| 16:19 | Strength of the Wild |
| 17:40 | Dryad |
| 17:41 | Dryad |


| Rod of Necromancy | 2 | 300 |
| Orb of Corruption | 1 | 375 |
| Dust of Appearance | 1 | 75 |
| Scroll of Healing | 1 | 250 |
| total: | 5 | 1000g |
| Acolyte | 4 | 300 | / | 0 |
| Ghoul | 4 | 480 | / | 0 |
| Crypt Fiend | 12 | 2580 | / | 480 |
| Obsidian Statue | 5 | 1000 | / | 175 |
| Abomination | 3 | 720 | / | 210 |
| total: | 28 | 5080g | / | 865w |
| Nerubian Tower | 1 | 100 | / | 20 |
| Altar of Darkness | 1 | 180 | / | 50 |
| Ziggurat | 7 | 1050 | / | 350 |
| Crypt | 1 | 200 | / | 50 |
| Graveyard | 1 | 215 | / | 0 |
| Tomb of Relics | 1 | 130 | / | 30 |
| Necropolis | 1 | 225 | / | 0 |
| Slaughterhouse | 1 | 140 | / | 135 |
| Halls of the Dead | 1 | 320 | / | 210 |
| Black Citadel | 1 | 325 | / | 230 |
| total: | 13 | 2140g | / | 615w |
| 0:04 | Acolyte |
| 0:04 | Acolyte |
| 0:07 | Altar of Darkness |
| 0:12 | Ziggurat |
| 0:24 | Crypt |
| 0:59 | Graveyard |
| 1:05 | Tomb of Relics |
| 1:24 | Ghoul |
| 1:24 | Ghoul |
| 1:27 | Ghoul |
| 1:27 | Ghoul |
| 1:51 | Ziggurat |
| 2:09 | Rod of Necromancy |
| 2:31 | Death Coil |
| 2:50 | Nerubian Tower |
| 2:54 | Acolyte |
| 3:07 | Dust of Appearance |
| 3:42 | Crypt Fiend |
| 4:09 | Halls of the Dead |
| 4:30 | Crypt Fiend |
| 4:42 | Crypt Fiend |
| 5:03 | Crypt Fiend |
| 5:28 | Ziggurat |
| 5:30 | Creature Attack |
| 6:33 | Crypt Fiend |
| 6:36 | Slaughterhouse |
| 6:43 | Unholy Aura |
| 6:58 | Improved Creature Attack |
| 7:02 | Ziggurat |
| 7:34 | Frost Nova |
| 7:38 | Rod of Necromancy |
| 7:58 | Obsidian Statue |
| 9:06 | Burrow |
| 9:06 | Crypt Fiend |
| 9:07 | Black Citadel |
| 10:08 | Crypt Fiend |
| 10:08 | Obsidian Statue |
| 10:34 | Ziggurat |
| 10:53 | Death Coil |
| 11:14 | Frost Armor |
| 12:36 | Obsidian Statue |
| 13:13 | Orb of Corruption |
| 13:13 | Scroll of Healing |
| 14:12 | Abomination |
| 14:13 | Crypt Fiend |
| 14:21 | Acolyte |
| 14:39 | Advanced Creature Attack |
| 15:14 | Obsidian Statue |
| 15:50 | Frost Nova |
| 15:59 | Obsidian Statue |
| 16:24 | Necropolis |
| 16:28 | Crypt Fiend |
| 16:31 | Abomination |
| 16:31 | Disease Cloud |
| 17:14 | Ziggurat |
| 17:15 | Ziggurat |
| 17:25 | Crypt Fiend |
| 17:25 | Crypt Fiend |
| 17:36 | Abomination |
| 17:37 | Crypt Fiend |